Map: Honorgrounds LE

Players

HiotOfC

  • Race: Terran Terran
  • League: Diamond
  • Spawn Location: 5:00

A.I. 1 (Medium) - Winner!

  • Race: Terran Terran
  • Spawn Location: 7:00

VOD

Have the link to the VOD?

Description

Time

  • Played on: March 20, 2017, 6:26 p.m.
  • Length: 5:24
Show
View Real Time Build Order
Export as new Build Order

HiotOfC Terran 

Build Orders:  

Get SALT Encoding   

  12  0:01  SCV  
  13  0:13  SCV  
  14  0:19  Supply Depot  
  14  0:25  SCV  
  15  0:31  Refinery  
  15  0:40  SCV  
  16  0:46  Barracks  
  16  0:52  SCV  
  17  1:04  SCV  
  18  1:17  SCV  
  19  1:20  Refinery  
  19  1:34  Orbital Command  
  19  1:39  Barracks  
  19  1:41  Barracks Reactor  
  19  1:56  Supply Depot  
  19  2:02  SCV  
  19  2:06  Factory  
  20  2:14  SCV  
  21  2:18  Marine  
  21  2:19  Marine  
  23  2:26  SCV  
  23  2:28  Barracks Tech Lab  
  24  2:32  Supply Depot  
  24  2:36  Marine  
  25  2:37  Marine  
  26  2:44  SCV  
  26  2:48  Stimpack  
  27  2:55  Starport  
  27  2:59  Marine  
  27  3:01  Marine  
  27  3:04  Marine  
  30  3:13  Supply Depot  
  30  3:17  Factory Reactor  
  30  3:23  Marine x2  
  30  3:25  Marine  
  33  3:41  Marine x2  
  33  3:43  Supply Depot, Marine  
  36  4:00  Marine x2  
  36  4:01  Marine  
  39  4:02  Medivac  
  39  4:03  Medivac  
  39  4:09  Supply Depot  
  43  4:18  Engineering Bay  
  43  4:20  Marine  
  44  4:24  Marine  
  44  4:27  Marine  
  46  4:51  Supply Depot  
  46  5:18  Command Center  
Show
View Real Time Build Order
Export as new Build Order

A.I. 1 (Medium) Terran - Winner!

Build Orders:  

Get SALT Encoding   

  12  0:00  SCV  
  13  0:13  SCV  
  14  0:20  Supply Depot  
  14  0:25  SCV  
  15  0:42  SCV  
  16  0:44  Barracks  
  16  0:50  Refinery  
  16  0:54  SCV  
  17  1:06  SCV  
  18  1:18  Supply Depot  
  18  1:32  Marine  
  19  1:33  Orbital Command  
  19  1:36  Barracks  
  19  1:45  Refinery  
  19  1:51  Barracks Tech Lab  
  19  2:09  Factory, Marine  
  20  2:27  Supply Depot, Marine  
  21  2:35  Marine  
  22  2:47  Marine  
  23  3:00  Marine  
  23  3:05  Supply Depot  
  24  3:13  Marine  
  24  3:14  SCV  
  26  3:26  SCV  
  27  3:28  Engineering Bay  
  27  3:32  Marauder  
  29  3:38  SCV  
  29  3:39  Hellion  
  32  3:51  SCV  
  32  3:52  Marine  
  32  3:54  Supply Depot  
  34  4:03  SCV  
  34  4:05  Marauder  
  37  4:15  SCV  
  38  4:18  Hellion  
  40  4:39  Hellion  
Tags
 
League
Diamond
Matchup
TvT
Race
Terran
Spawn Locations
Close Positions
Add a new tag
Caveats
  • Supply blocks, unpowered buildings, or Contaminate may cause inaccurate times.
  • Supply counts are checked every 10 seconds.